 Dungeon Crawl Stone Soup version 0.17.0-27-g4a3f43e (webtiles) character file.

184 mwv the Skirmisher (level 5, 0/52 HPs)
             Began as a Minotaur Berserker on Nov 21, 2015.
             Was a Priest of Trog.
             Succumbed to a kobold's poison
             ... on level 3 of the Dungeon.
             The game lasted 00:26:39 (2062 turns).

mwv the Skirmisher (Minotaur Berserker)             Turns: 2062, Time: 00:26:39

Health: 0/52       AC:  1    Str: 23      XL:     5   Next: 36%
Magic:  4/4        EV: 11    Int:  4      God:    Trog [***...]
Gold:   96         SH:  0    Dex:  5 (9)  Spells: 0 memorised, 4 levels left

rFire  . . .     SeeInvis .     a - +0 mace
rCold  . . .     Clarity  .     (no armour)
rNeg   . . .     SustAt   .     (no shield)
rPois  .         Gourm    .     (helmet restricted)
rElec  .         Spirit   .     q - +0 cloak
rCorr  .         Warding  .     (no gloves)
rMut   .         Stasis   .     (no boots)
MR     .....                    (no amulet)
Stlth  +.........               (no ring)
                                (no ring)

@: lethally poisoned (0 -> -4), very slightly contaminated, not resistant to
hostile enchantments, very unstealthy
A: retaliatory headbutt, horns 2
a: Berserk, Trog's Hand, Burn Spellbooks, Renounce Religion


You were on level 3 of the Dungeon.
You worshipped Trog.
Trog was most pleased with you.
You were not hungry.

You visited 1 branch of the dungeon, and saw 3 of its levels.

You collected 96 gold pieces.

Inventory:

Hand Weapons
 a - a +0 mace (weapon)
 b - a +0 mace
 d - a +0 dagger
 m - a +0 spear
 r - a +0 whip
 t - a +0 spear
 v - a +0 hand axe
 C - a +0 hunting sling
 G - a +0 flail
Missiles
 e - 84 stones (quivered)
 g - 8 needles of slowing
 j - 5 tomahawks
 l - 17 bolts
 B - a throwing net
Armour
 f - a +0 ring mail
 k - a +0 ring mail
 o - a +0 robe
 q - a +0 cloak (worn)
 y - a cursed +0 ring mail
 D - a cursed +0 chain mail
 E - a +3 leather armour
Wands
 n - a wand of slowing (18)
 u - a wand of teleportation (3)
Scrolls
 x - a scroll of remove curse
 z - a scroll of recharging {unknown}
Miscellaneous
 h - a plain deck of changes
Comestibles
 c - 5 bread rations
 s - 5 fruits
 F - 8 chunks of flesh


   Skills:
 + Level 7.4 Fighting
 - Level 3.6 Maces & Flails
 - Level 2.4 Armour
 - Level 2.1 Dodging


You had 4 spell levels left.
You didn't know any spells.

Dungeon Overview and Level Annotations

Branches:
Dungeon (3/15)

Altars:
Gozag
Nemelex Xobeh


Innate Abilities, Weirdness & Mutations

You reflexively headbutt those who attack you in melee.
You have a pair of horns on your head.


Message History

You feel sick.
You start removing your armour.
You continue taking off your +0 ring mail.
Your skin stops crawling.
You feel less resistant to hostile enchantments.
Keep disrobing?
Uppercase [Y]es or [N]o only, please.
Keep disrobing?
* * * LOW HITPOINT WARNING * * *
You feel sick.
You continue taking off your +0 ring mail.
* * * LOW HITPOINT WARNING * * *
You feel sick.
You continue taking off your +0 ring mail.
* * * LOW HITPOINT WARNING * * *
You feel sick.
You continue taking off your +0 ring mail.
You finish taking off your +0 ring mail.
Keep equipping yourself?
You die...

#.# .. ## #.# # #.
#.# #.#. #.## #...
...#### ###. #....$
#. ###.######..# ##
..(....()@.(#
....######.### #
#.....# #
#.....#############
#.............)†...
#.....#############
#.....# #######


There were no monsters in sight!

Vanquished Creatures
  2 orc wizards (D:3)
  Natasha (thrice) (D:2)
  An ooze (D:1)
  4 worms
  3 giant geckos
  12 orcs (D:3)
  4 hobgoblins
  7 kobolds
  7 bats
  5 giant cockroaches
  2 giant newts
  3 goblins
  3 jackals (D:1)
  7 rats
63 creatures vanquished.

Notes
Turn   | Place    | Note
--------------------------------------------------------------
     0 | D:1      | mwv the Minotaur Berserker began the quest for the Orb.
     0 | D:1      | Reached XP level 1. HP: 19/19 MP: 0/0
   118 | D:1      | Reached skill level 4 in Fighting
   234 | D:1      | Found a sparkling altar of Nemelex Xobeh.
   388 | D:1      | Reached XP level 2. HP: 24/27 MP: 1/1
   587 | D:1      | Reached skill level 5 in Fighting
   853 | D:1      | Reached ** piety under Trog
   853 | D:1      | Reached XP level 3. HP: 36/36 MP: 2/2
  1130 | D:2      | Noticed Natasha
  1145 | D:2      | Killed Natasha
  1145 | D:2      | Reached skill level 6 in Fighting
  1145 | D:2      | Reached XP level 4. HP: 28/44 MP: 3/3
  1348 | D:2      | Found an opulent altar of Gozag.
  1377 | D:2      | Noticed Natasha
  1383 | D:2      | Killed Natasha
  1464 | D:2      | Noticed Natasha
  1468 | D:2      | Killed Natasha
  1947 | D:3      | Reached *** piety under Trog
  2016 | D:3      | Reached skill level 7 in Fighting
  2016 | D:3      | Reached XP level 5. HP: 18/52 MP: 4/4
  2040 | D:3      | HP: 3/78 [poisoned by a kobold]
  2045 | D:3      | HP: 2/78 [poisoned by a kobold]
  2050 | D:3      | HP: 2/78 [poisoned by a kobold]
  2056 | D:3      | HP: 2/52 [poisoned by a kobold]
  2062 | D:3      | Succumbed to a kobold's poison

Action                   |  1- 3 |  4- 6 || total
-------------------------+-------+-------++-------
Melee: Mace              |    72 |    86 ||   158
Throw: Stone             |    10 |    22 ||    32
Invok: Trog's Hand       |       |     1 ||     1
Evoke: Wand              |       |     2 ||     2
  Use: Scroll            |     2 |     1 ||     3
       Potion            |     1 |     4 ||     5
  Eat: Chunk             |     1 |     3 ||     4
       Beef jerky        |       |     1 ||     1
